 Dungeon Crawl Stone Soup version 0.30-a0-170-g85af917532 (webtiles) character file.

Game seed: 6522557708216906619

266 qw the Chopper (level 6, -2/37 HPs)
             Began as a Gargoyle Fighter on Sept 30, 2022.
             Slain by Duvessa
             ... wielding a +0 short sword
              (10 damage)
             ... on level 4 of the Dungeon.
             The game lasted 00:01:08 (3143 turns).

qw the Chopper (Gargoyle Fighter)                   Turns: 3143, Time: 00:01:08

Health: -2/37      AC: 14    Str: 20    XL:     6   Next: 20%
Magic:  6/6        EV:  7    Int:  6    God:
Gold:   158        SH: 11    Dex: 23    Spells: 5/5 levels left

rFire   . . .      SeeInvis .    Y - +0 war axe
rCold   . . .      Faith    .    g - +0 kite shield
rNeg    + . .      Spirit   .    p - +0 chain mail
rPois   inf        Reflect  .    q - +0 helmet
rElec   +          Harm     .    (no cloak)
rCorr   .          Rampage  .    (no gloves)
Will    .....                    (no boots)
Stlth   ..........               l - amulet of the acrobat
HPRegen 0.92/turn                o - +6 ring of dexterity
MPRegen 0.10/turn                (no ring)

@: lit by a corona, about to teleport, glowing
A: sickness immunity, AC +4, negative energy resistance 1, electricity
resistance, torment resistance 1, petrification resistance, claws 1, agile 2,
regeneration 1
a: no special abilities


You were on level 4 of the Dungeon.
You visited 1 branch of the dungeon, and saw 4 of its levels.

You collected 158 gold pieces.


Innate Abilities, Weirdness & Mutations

You are immune to sickness and miasma.
Your stone body is resilient. (AC +4)
You are immune to poison.
You resist negative energy. (rN+)
You are resistant to electric shocks. (rElec)
You are resistant to unholy torment.
You are immune to petrification.
You have sharp fingernails.
You are very agile. (Dex +8, Str/Int -2)
Your natural rate of healing is unusually fast.


   Skills:
 - Level 3.2 Fighting
 - Level 4.1 Axes
 - Level 3.2 Armour
 - Level 2.7 Dodging
 + Level 4.1 Shields


You had 5 spell levels left.
You didn't know any spells.
Your spell library was empty.

Inventory:

Hand Weapons
 c - a +0 flail
 Y - a +0 war axe (weapon)
Armour
 g - a +0 kite shield (worn)
 p - a +0 chain mail (worn)
 q - a +0 helmet (worn)
Jewellery
 b - an amulet of regeneration
 l - an amulet of the acrobat (around neck)
 o - a +6 ring of dexterity (left claw)
Scrolls
 h - a scroll of identify
Potions
 d - a potion of might
 f - 2 potions of curing
 i - a potion of attraction
 k - a potion of mutation
 s - a potion of resistance {unknown}

Dungeon Overview and Level Annotations

Branches:
Dungeon (4/15)
 Temple: D:4-7

Altars:
Nemelex Xobeh
Ru
Wu Jian

Annotations:
D:4 Dowan, Duvessa


Message History

Duvessa seems to speed up.
You block Duvessa's attack. x2
You block Dowan's attack.
You hit Duvessa.
Duvessa is moderately wounded.
You barely miss Dowan. Duvessa hits you but does no damage.
Dowan says, "Stay away from my face!"
You block Dowan's attack. Duvessa hits you with a +0 short sword!
You slash Duvessa!
Duvessa is heavily wounded.
You hit Dowan. You block Duvessa's attack. Dowan hits you but does no damage.
Duvessa hits you but does no damage. You block Dowan's attack.
You hit Duvessa but do no damage.
Duvessa is heavily wounded.
You hit Dowan.
Duvessa hits you but does no damage. x2; Dowan hits you but does no damage.
You closely miss Dowan.
Dowan is severely wounded.
You hit Duvessa. Duvessa hits you but does no damage.
Dowan hits you with a +3 dagger of freezing.
Dowan freezes you. You block Duvessa's attack. Dowan completely misses you.
Duvessa barely misses you.
You hit Duvessa.
Duvessa is severely wounded.
You slash Dowan! You block Duvessa's attack. You block Dowan's attack.
Duvessa hits you with a +0 short sword.
You closely miss Dowan.
Dowan is almost dead.
You closely miss Duvessa. Duvessa hits you with a +0 short sword.
You block Dowan's attack. You block Duvessa's attack.
3143 ||| READING scroll of teleportation.
As you read the scroll of teleportation, it crumbles to dust.
You feel strangely unstable.
Dowan hits you with a +3 dagger of freezing.
Dowan freezes you. Duvessa hits you with a +0 short sword!
You die...

#.#.#.# #...#.###......#.##.....
..#.#.####...#.#.......%#.##.....
#.#.#........#(...%...%..........
....%.:..........<..........>....
#.###%##########'''########......
......##########...########......
##......##.....#...#.....##......
##......##..¤0.#.~.#.0¤..##......
##[.....##.....#@..#.¤.¤.##....<.
....#...##..¤..#ee.#.¤0..##......
....#...##.....#...#.....##...<..
........########...#########.####
...[#.).#~......._.......~ #.
....#...########...######
....#...##.....#...##...
#...#...##.¤0¤.#...#.00.
#####...#


You could see Duvessa (fast) and Dowan.

Vanquished Creatures
  A black bear (D:3)
  Natasha (twice) (D:4)
  An iguana (D:4)
  3 adders
  An ufetubus (D:4)
  A worm (D:2)
  A dart slug (D:1)
  An orc (D:3)
  6 endoplasms
  A giant cockroach (D:4)
  7 goblins
  6 hobgoblins
  3 quokkas
  8 ball pythons
  2 bats
  12 frilled lizards
  3 kobolds
  6 rats
65 creatures vanquished.

Vanquished Creatures (others)
  6 plants (D:4)
6 creatures vanquished.

Grand Total: 71 creatures vanquished

Notes
Turn   | Place    | Note
-------+----------+-------------------------------------------
     0 | D:1      | qw the Gargoyle Fighter began the quest for the Orb.
     0 | D:1      | Reached XP level 1. HP: 14/14 MP: 1/1
     0 | D:1      | 0 ||| qw: Version: 0.2-a-12-gaebbb33
     0 | D:1      | 0 ||| qw: Game counter: 1551
     0 | D:1      | 0 ||| qw: Always use a shield: true
     0 | D:1      | 0 ||| qw: God list: Okawaru
     0 | D:1      | 0 ||| qw: Allow faded altars: false
     0 | D:1      | 0 ||| qw: Do Orc after D:15 true
     0 | D:1      | 0 ||| qw: Do second Lair branch before Depths: true
     0 | D:1      | 0 ||| qw: Lair rune preference: random
     0 | D:1      | 0 ||| qw: Plans: Normal, Zot:1-4, God:TSO, Crypt, Tomb,
                  | Pan, Slime:5, Hells, Abyss, Orb
     0 | D:1      | 0 ||| PLANNING D:1-11
   341 | D:1      | Reached XP level 2. HP: 19/19 MP: 2/2
   610 | D:1      | Found a faded altar of an unknown god.
   873 | D:1      | Reached skill level 3 in Axes
  1131 | D:1      | 1131 ||| UPGRADING to +0 kite shield.
  1141 | D:1      | 1141 ||| DROPPING +0 buckler.
  1142 | D:1      | 1142 ||| UPGRADING to amulet of the acrobat.
  1147 | D:1      | 1147 ||| UPGRADING to +6 ring of dexterity.
  1148 | D:1      | 1148 ||| READING scroll labelled KUOPUIBAJO.
  1151 | D:1      | 1151 ||| READING scroll labelled NATEJA IHYFROS.
  1152 | D:1      | 1152 ||| READING scroll labelled NIERYCAPUI.
  1153 | D:1      | 1153 ||| DRINKING 3 fuming dark potions.
  1218 | D:2      | Reached XP level 3. HP: 23/23 MP: 3/3
  1450 | D:2      | 1450 ||| DROPPING +0 club.
  1866 | D:2      | 1866 ||| READING scroll labelled XOFAJOO WIYR.
  1867 | D:2      | 1867 ||| READING scroll labelled MEPYNE NERPHAA.
  1868 | D:2      | 1868 ||| DRINKING 2 bubbling purple potions.
  1868 | D:2      | Gained mutation: Your natural rate of healing is unusually
                  | fast. [potion of mutation]
  1868 | D:2      | Gained mutation: You are agile. (Dex +4, Str/Int -1)
                  | [potion of mutation]
  1868 | D:2      | Gained mutation: You have sharp fingernails. [potion of
                  | mutation]
  1868 | D:2      | Gained mutation: You are very agile. (Dex +8, Str/Int -2)
                  | [potion of mutation]
  1869 | D:2      | 1869 ||| DRINKING 2 fizzy dark potions.
  1870 | D:2      | 1870 ||| READING 4 scrolls of identify.
  1870 | D:2      | 1870 ||| IDENTIFYING coppery potion
  1871 | D:2      | 1871 ||| READING 3 scrolls of identify.
  1871 | D:2      | 1871 ||| IDENTIFYING fuming black potion
  1872 | D:2      | 1872 ||| READING 2 scrolls of identify.
  1872 | D:2      | 1872 ||| IDENTIFYING inky potion
  1873 | D:2      | 1873 ||| DROPPING potion of degeneration.
  1874 | D:2      | 1874 ||| DROPPING potion of magic.
  1944 | D:3      | Found Boseos's Antique Weapon Emporium.
  2070 | D:3      | Found a sacrificial altar of Ru.
  2140 | D:3      | Reached XP level 4. HP: 28/28 MP: 4/4
  2162 | D:3      | 2162 ||| Stepping ~*~*~tactically~*~*~ (stealth).
  2441 | D:3      | Noticed a black bear
  2451 | D:3      | HP: 7/28 [black bear (1)]
  2451 | D:3      | HP: 2/28 [black bear (2)]
  2452 | D:3      | 2452 ||| READING 2 scrolls of teleportation.
  2453 | D:3      | 2453 ||| DRINKING potion of heal wounds.
  2454 | D:3      | Killed a black bear
  2455 | D:3      | Reached XP level 5. HP: 25/32 MP: 5/5
  2474 | D:3      | 2474 ||| Stepping ~*~*~tactically~*~*~ (stealth).
  2475 | D:3      | 2475 ||| Stepping ~*~*~tactically~*~*~ (stealth).
  2602 | D:3      | 2602 ||| UPGRADING to +0 chain mail.
  2612 | D:3      | 2612 ||| DROPPING +0 scale mail.
  2613 | D:3      | 2613 ||| UPGRADING to +0 helmet.
  2618 | D:3      | 2618 ||| READING scroll labelled VYXAOMP NOSSOC.
  2719 | D:3      | 2719 ||| READING scroll labelled IKEESHU SYNK.
  2720 | D:3      | 2720 ||| READING scroll labelled ITEOKO QENO.
  2721 | D:3      | 2721 ||| READING scroll labelled KINIRAEBIA.
  2745 | D:4      | Noticed Natasha
  2755 | D:4      | Killed Natasha
  2824 | D:4      | 2824 ||| Stepping ~*~*~tactically~*~*~ (stealth).
  2841 | D:4      | 2841 ||| Stepping ~*~*~tactically~*~*~ (stealth).
  2853 | D:4      | 2853 ||| Stepping ~*~*~tactically~*~*~ (stealth).
  2854 | D:4      | 2854 ||| Stepping ~*~*~tactically~*~*~ (stealth).
  2861 | D:4      | 2861 ||| Stepping ~*~*~tactically~*~*~ (stealth).
  2871 | D:4      | Reached XP level 6. HP: 37/37 MP: 6/6
  2872 | D:4      | Noticed Natasha
  2873 | D:4      | 2873 ||| Stepping ~*~*~tactically~*~*~ (stealth).
  2874 | D:4      | 2874 ||| Stepping ~*~*~tactically~*~*~ (stealth).
  2887 | D:4      | Killed Natasha
  2993 | D:4      | Found an ornate altar of the Wu Jian Council.
  3018 | D:4      | 3018 ||| DROPPING +0 whip.
  3126 | D:4      | Found a sparkling altar of Nemelex Xobeh.
  3126 | D:4      | Noticed Duvessa
  3126 | D:4      | Noticed Dowan
  3142 | D:4      | HP: 9/37 [Duvessa/+0 short sword (3)]
  3143 | D:4      | 3143 ||| READING scroll of teleportation.
  3143 | D:4      | Slain by Duvessa

Levels and vault maps discovered:
D:1:      wander_arrival_peaceful_grave, layout_basic, basic_ecumenical_altar,
          st_stairs_3
D:2:      layout_basic
D:3:      layout_loops_ring, nicolae_ru_awakened_eye, serial_shops,
          nicolae_shop_overgrown_old_shop, kennysheep_generic_room_14
D:4:      layout_basic, mainiacjoe_overflow_small_starburst,
          nemelex_altar_shiori, minmay_lizard_king, uniq_natasha, uniq_duvessa

Skill      XL: |  1  2  3  4  5  6 |
---------------+-------------------+-----
Axes           | 2 3 4 |  4.1
Shields        | 4 |  4.1
Dodging        | 2 |  2.7
Fighting       | |  3.2
Armour         | |  3.2

Action                   |  1- 3 |  4- 6 || total
-------------------------+-------+-------++-------
Melee: War axe           |    98 |    87 ||   185
  Use: Scroll            |     8 |     6 ||    14
       Potion            |     3 |     1 ||     4
Armor: Scale mail        |    40 |    22 ||    62
       Chain mail        |       |    46 ||    46
Dodge: Dodged            |    33 |    46 ||    79
Block: Buckler           |    10 |       ||    10
       Kite shield       |    14 |    72 ||    86

Table legend:
 A = Non-vault XP
 B = Vault XP
 C = Vault XP percentage of total XP
 D = Non-vault monster count
 E = Vault monster count
 F = Vault count percentage of total count
                 A         B        C        D         E       F
            +---------+---------+-------+---------+---------+-------
      Total |     163 |     218 |  57.2 |      50 |      15 |  23.1
            +---------+---------+-------+---------+---------+-------
        D:1 |      28 |       5 |  15.2 |      18 |       3 |  14.3
        D:2 |      34 |       0 |   0.0 |      12 |       0 |   0.0
        D:3 |      18 |     134 |  88.2 |      10 |       2 |  16.7
        D:4 |      83 |      79 |  48.8 |      10 |      10 |  50.0
            +---------+---------+-------+---------+---------+-------
